 Dungeon Crawl Stone Soup version 0.30.1-4-g462c640d31 (webtiles) character file.

Game seed: 17429093009819319202

315 GigaChad the Covered (level 6, 0/55 HPs)
             Began as a Minotaur Fighter on Sept 7, 2023.
             Slain by an orc wizard
             ... wielding a +0 dagger
              (2 damage)
             ... on level 4 of the Dungeon.
             The game lasted 00:03:12 (1817 turns).

GigaChad the Covered (Minotaur Fighter)             Turns: 1817, Time: 00:03:13

Health: 0/55       AC:  9    Str: 23    XL:     6   Next: 19%
Magic:  5/5        EV:  8    Int:  5    God:
Gold:   72         SH:  4    Dex:  9    Spells: 5/5 levels left

rFire   . . .        e - +4 war axe (heavy)
rCold   . . .        c - +0 buckler
rNeg    . . .        g - +0 chain mail
rPois   .            (helmet restricted)
rElec   .            (no cloak)
rCorr   .            (no gloves)
SInv    .            (no boots)
Will    .....        o - amulet of the acrobat Stlth
                     (no ring)
HPRegen 0.29/turn    (no ring)
MPRegen 0.09/turn

%: acrobat
@: no status effects
A: horns 2, retaliatory headbutt
a: no special abilities


You were on level 4 of the Dungeon.
You visited 1 branch of the dungeon, and saw 4 of its levels.

You collected 72 gold pieces.

Inventory:

Hand Weapons
 e - a +4 heavy war axe (weapon)
Armour
 b - a +0 scale mail
 c - a +0 buckler (worn)
 g - a +0 chain mail (worn)
Jewellery
 l - an amulet of faith
 o - an amulet of the acrobat (around neck)
Scrolls
 a - a scroll of magic mapping {unknown}
 i - 2 scrolls of identify
 j - a scroll of noise {unknown}
Potions
 d - 2 potions of might
 f - 2 potions of heal wounds {unknown}
 h - a potion of curing {unknown}
 k - a potion of cancellation {unknown}
 m - a potion of haste {unknown}


   Skills:
 * Level 4.8 Fighting
 * Level 5.2 Axes
 * Level 5.2 Armour
 * Level 4.8 Shields


You had 5 spell levels left.
You didn't know any spells.
Your spell library contained the following spells:

 Spells                   Type           Power      Damage    Failure   Level
 Ensorcelled Hibernation  Hex/Ice        0%         N/A       99%         2
 Passwall                 Tmut/Erth      0%         N/A       99%         2
 Swiftness                Air            0%         N/A       100%        3


Dungeon Overview and Level Annotations

Branches:
Dungeon (4/15)
 Temple: D:4-7

Altars:

Shops:
D:1 :

Annotations:
D:4 Edmund


Innate Abilities, Weirdness & Mutations

You have a pair of horns on your head.
You reflexively headbutt those who attack you in melee.


Message History

The orc priest looks satisfied for a moment.
Something hits you but does no damage.
Edmund the Younger comes into view.
He is wielding a +6 flail of venom.
You hear some strange, mumbled words.
A magic dart appears from out of thin air!
The magic dart hits you but does no damage.
The orc priest casts a cantrip, but nothing happens.
You're too confused to move!
The orc priest looks braver for a moment.
The orc priest looks encouraged for a moment.
The orc priest invokes the aid of Beogh against you.
Beogh smites you!
The orc priest hits you with a +0 short sword.
* * * LOW HITPOINT WARNING * * *
The orc priest misses you. The orc barely misses you.
Something hits you but does no damage.
Unknown command.
You barely miss the orc. Your headbutt misses the orc.
You slice the orc priest!!
You kill the orc priest!
You miss the orc priest. You completely miss something.
The orc priest hits you with a +0 short sword.
* * * LOW HITPOINT WARNING * * *
The orc barely misses you. Something hits you but does no damage.
The orc priest hits you with a +0 heavy war axe!
* * * LOW HITPOINT WARNING * * *
The orc hits you but does no damage. Something hits you but does no damage.
The orc priest miscasts a cantrip.
You barely miss the orc. You headbutt the orc, but do no damage.
You miss the orc priest. You miss something. You slice the orc priest!!
You kill the orc priest!
You feel less confused. You block the orc's attack. Something hits you.
* * * LOW HITPOINT WARNING * * *
The orc priest hits you with a +0 short sword.
* * * LOW HITPOINT WARNING * * *
The orc hits you with a +0 dagger.
* * * LOW HITPOINT WARNING * * *
The orc priest barely misses you. Something hits you.
You die...

...... #.......# ...
#.......# ###..####
######'######
#...........#
#...........# .
#.............
....###.)o..........
#..).o@.@.......#
#....#####.......
#....# .....##
#....# .#..)# #....#
... +....+ #....#
#....#


You could see Edmund, an orc priest and an orc.

Vanquished Creatures
  A howler monkey (D:4)
  3 orc priests
  A hound (D:4)
  8 gnolls
  3 adders (D:2)
  2 worms (D:2)
  2 dart slugs
  4 orcs (D:3)
  4 ball pythons
  4 endoplasms
  7 giant cockroaches
  4 goblins
  7 hobgoblins
  2 jackals (D:2)
  A quokka (D:1)
  3 bats
  5 frilled lizards
  7 kobolds
  4 rats
72 creatures vanquished.

Notes
Turn   | Place    | Note
-------+----------+-------------------------------------------
     0 | D:1      | GigaChad the Minotaur Fighter began the quest for the Orb.
     0 | D:1      | Reached XP level 1. HP: 19/19 MP: 0/0
    62 | D:1      | Found Pixzam's Book Emporium.
   106 | D:1      | Reached XP level 2. HP: 27/27 MP: 1/1
   242 | D:1      | Reached XP level 3. HP: 29/33 MP: 2/2
   551 | D:2      | Found a faded altar of an unknown god.
   712 | D:2      | Reached XP level 4. HP: 39/41 MP: 3/3
  1178 | D:2      | Identified a scroll of acquirement
  1181 | D:2      | Acquired a +4 heavy war axe
  1235 | D:3      | Reached XP level 5. HP: 46/47 MP: 4/4
  1455 | D:3      | Reached skill level 5 in Armour
  1805 | D:4      | Reached skill level 5 in Axes
  1805 | D:4      | Reached XP level 6. HP: 53/53 MP: 5/5
  1813 | D:4      | Noticed Edmund
  1817 | D:4      | HP: 2/55 [orc/+0 dagger (1)]
  1817 | D:4      | Slain by an orc wizard

Illustrated notes

Levels and vault maps discovered:
D:1:      lightli_arrival_lavapool, layout_rooms, serial_shops,
          nicolae_shop_tiny_glass
D:2:      layout_rooms, chequers_ecumenical_altar_island, minmay_quadrilaterals
D:3:      layout_rooms
D:4:      layout_basic, minmay_temple_entry_hall, serial_shops,
          nicolae_shop_peninsula, uniq_edmund

Skill      XL: |  1  2  3  4  5 |
---------------+----------------+-----
Fighting       | 4 |  4.8
Armour         | 4 5 |  5.2
Shields        | 4 |  4.8
Axes           | 3 4 5 |  5.2

Action                     |  1- 3 |  4- 6 || total
---------------------------+-------+-------++-------
  Melee: War axe           |    73 |    68 ||   141
         Headbutt          |     6 |    10 ||    16
    Use: Scroll            |     2 |     6 ||     8
 Armour: Chain mail        |    28 |    34 ||    62
         Scale mail        |     3 |       ||     3
  Dodge: Dodged            |    26 |    36 ||    62
  Block: Buckler           |    23 |    14 ||    37
